 Dungeon Crawl Stone Soup version 0.26-a0-651-gb41185065b (webtiles) character file.

Game seed: 3191046737986511664

14144 Ozzies the Fighter (level 11, -1/110 HPs)
             Began as a Minotaur Fighter on Oct 13, 2020.
             Was a High Priest of Okawaru.
             Slain by a harpy (14 damage)
             ... summoned by Kirke
             ... on level 11 of the Dungeon.
             The game lasted 00:21:03 (14849 turns).

Ozzies the Fighter (Minotaur Fighter)              Turns: 14849, Time: 00:21:03

Health: -1/110     AC:  0    Str: 24    XL:     11   Next: 84%
Magic:  10/10      EV: 18    Int:  5    God:    Okawaru [*****.]
Gold:   904        SH:  0    Dex: 10    Spells: 10/10 levels left

rFire    . . .     SeeInvis .   (weapon currently unavailable)
rCold    . . .     Faith    .   (shield currently unavailable)
rNeg     . . .     Spirit   .   (armour currently unavailable)
rPois    .         Reflect  .   (helmet currently unavailable)
rElec    .         Harm     .   (cloak currently unavailable)
rCorr    .         Rampage  .   (gloves currently unavailable)
MR       .....                  (boots currently unavailable)
Stlth    +.........             (no amulet)
HPRegen  0.28/turn              (ring currently unavailable)
MPRegen  0.12/turn              (ring currently unavailable)

@: pig-form, very quick
A: small, (retaliatory headbutt)
a: Heroism, Finesse, Renounce Religion


You were on level 11 of the Dungeon.
You worshipped Okawaru.
Okawaru was extremely pleased with you.
You were a filthy swine.
You visited 1 branch of the dungeon, and saw 13 of its levels.
You also visited: Ossuary.

You collected 904 gold pieces.

Inventory:

Hand Weapons
 x - a +0 morningstar
 G - the +1 war axe "Jyxey" (melded) {protect, rC+ Int+4}
   (You found it on level 7 of the Dungeon)

   It grants its wielder temporary protection when it strikes (+7 to AC).
   It affects your intelligence (+4).
   It protects you from cold.
Armour
 k - a +0 plate armour (melded)
 z - a +2 buckler of protection (melded)
 M - a scarf of resistance (melded)
Jewellery
 h - a cursed +4 ring of slaying (melded)
 i - a +4 ring of protection (melded)
Wands
 s - a wand of polymorph (18)
 v - a wand of digging (7)
 H - a wand of random effects (8)
 I - a wand of iceblast (22)
Scrolls
 e - 7 scrolls of teleportation {@r3 !r}
 j - 2 scrolls of random uselessness {unknown}
 l - 7 scrolls of blinking {@r4}
 m - 3 scrolls of magic mapping {@r5 !r}
 o - 10 scrolls of remove curse {@r2}
 p - a scroll of noise {unknown}
 t - 5 scrolls of enchant weapon
 y - a scroll of vulnerability {unknown}
 B - 4 scrolls of amnesia {unknown}
 K - 2 scrolls of identify {@r1}
 L - a scroll of acquirement {unknown}
Potions
 d - 2 potions of might {@q3 !q}
 f - 7 potions of flight
 g - 5 potions of curing
 n - 2 potions of haste {@q4 !q}
 q - a potion of resistance
 u - 3 potions of stabbing
 w - a potion of magic
 C - a potion of heal wounds {unknown}
 D - 2 potions of lignification
 E - a potion of brilliance {unknown}
 F - 2 potions of ambrosia {unknown}
 J - 2 potions of degeneration {unknown}


   Skills:
 - Level 14.0 Fighting
 * Level 9.8 Axes
 - Level 10.0 Armour
 - Level 8.0 Dodging
 - Level 10.0 Shields


You had 10 spell levels left.
You didn't know any spells.
Your spell library contained the following spells:

 Spells                   Type           Power        Failure   Level
 Corona                   Hex            #......      47%         1
 Magic Dart               Conj           #...         47%         1
 Sting                    Tmut/Pois      #...         47%         1
 Ensorcelled Hibernation  Hex/Ice        #.....       63%         2
 Poisonous Vapours        Pois/Air       #.....       63%         2
 Searing Ray              Conj           #.....       63%         2
 Confusing Touch          Hex            #.......     85%         3
 Dazzling Flash           Conj/Hex       #.....       85%         3
 Ignite Poison            Fire/Tmut/Pois #.......     85%         3
 Mephitic Cloud           Conj/Pois/Air  #.......     85%         3
 Tukima's Dance           Hex            #.......     85%         3
 Fulminant Prism          Conj/Hex       #.........   99%         4
 Iskenderun's Mystic Bla  Conj/Tloc      #.......     99%         4
 Olgreb's Toxic Radiance  Pois           #.......     99%         4


Dungeon Overview and Level Annotations

Branches:
Dungeon (13/15)            Temple (0/1) D:7            Lair (0/6) D:10
    Orc (0/2) D:11        Ossuary (visited)
 Vaults: D:13-14

Altars:
Ashenzari
Hepliaklqana
Nemelex Xobeh
Okawaru
Ru
Sif Muna
Trog
Uskayaw
Vehumet
Xom

Shops:
D:7 *   D:8 }   D:13 !

Annotations:
D:7 exclusion: downstairs
D:11 Kirke
D:12 Erolcha


Innate Abilities, Weirdness & Mutations

((You reflexively headbutt those who attack you in melee.))
((You have a pair of horns on your head.))


Message History

You climb downwards.
Level annotation: Erolcha, Kirke You block the orc warrior's attack.
There is a stone staircase leading up here.
Kirke gestures wildly while chanting.
Kirke summons a lindwurm!
The orc warrior hits you but does no damage.
You climb upwards.
The lindwurm disappears in a puff of smoke!
There is a stone staircase leading down here.
You slice Kirke!!
Your weapon exudes an aura of protection.
Kirke is moderately wounded.
You slash the orc warrior! You slash the orc priest!
The orc priest barely misses you. Kirke hits you but does no damage.
The orc warrior closely misses you.
You hit the orc warrior.
The orc warrior is heavily wounded.
You hit Kirke. You hit the orc priest.
Kirke mumbles some strange words.
Kirke summons some harpies!
The orc priest hits you but does no damage.
The orc warrior hits you with a +0 battleaxe.
You slash the orc priest!
You kill the orc priest!
Okawaru accepts your kill.
You slash the orc warrior!
You kill the orc warrior!
Okawaru accepts your kill.
You slash Kirke! You block Kirke's attack.
You slice Kirke!!
Kirke is heavily wounded.
You hit the harpy. You hit the harpy but do no damage.
You block the harpy's attack. x2; The harpy claws you!
The harpy claws you but does no damage. x3; Kirke hits you!
You barely miss Kirke.
Kirke is heavily wounded.
You slash the harpy! The harpy closely misses you. x2
You block the harpy's attack. The harpy barely misses you.
Kirke says, "Can we stop fighting?
I have some good wine for you..."
Kirke points at you and mumbles some strange words.
You turn into a filthy swine.
The +1 war axe "Jyxey" {protect, rC+ Int+4} melds into your body.
Your scarf of resistance melds into your body.
Your +2 buckler of protection melds into your body.
Your +0 plate armour melds into your body.
Your cursed +4 ring of slaying melds into your body.
Your +4 ring of protection melds into your body.
The +1 war axe "Jyxey" {protect, rC+ Int+4} goes still.
You feel hot and cold all over.
You feel less protected.
You closely miss Kirke.
Kirke is heavily wounded.
The harpy closely misses you. The harpy claws you.
Kirke gestures at you while chanting.
You feel a momentary urge to oink. The harpy claws you!
The harpy completely misses you.
You completely miss Kirke.
Kirke is heavily wounded.
The harpy screeches!
The harpy claws you. x2; The harpy claws you!
The harpy claws you.
Kirke mumbles some strange words.
Kirke summons a manticore!
You are too injured to fight recklessly!
You are too injured to fight recklessly!
You are too injured to fight recklessly!
You are too injured to fight recklessly!
You are too injured to fight recklessly!
You are too injured to fight recklessly!
You are too injured to fight recklessly!
You are too injured to fight recklessly!
You are too injured to fight recklessly!
You are too injured to fight recklessly!
You are too injured to fight recklessly!
You are too injured to fight recklessly!
You are too injured to fight recklessly!
You are too injured to fight recklessly!
You are too injured to fight recklessly!
You are too injured to fight recklessly!
You are too injured to fight recklessly!
You are too injured to fight recklessly!
You are too injured to fight recklessly!
You are too injured to fight recklessly!
You are too injured to fight recklessly!
The harpy claws you. x3
* * * LOW HITPOINT WARNING * * *
The harpy closely misses you.
Things that are here:
a +0 battleaxe; a +0 plate armour; an orc corpse The harpy screeches!
The harpy closely misses you. The harpy claws you!
* * * LOW HITPOINT WARNING * * *
The harpy barely misses you. The harpy claws you!
* * * LOW HITPOINT WARNING * * *
The harpy screeches!
The harpy misses you. x2; The harpy completely misses you.
The harpy claws you.
* * * LOW HITPOINT WARNING * * *
There is an open door, spattered with blood here.
The harpy screeches!
The harpy claws you!
You die...

..........#.. ..........#
.......#.###### #.........#
.#####.#.o.†y.# #.........#
.# #.######o# #.........# .#
#.# ###'## #..)......## .#
..# #..yo# #...H.....'. .#
..# #....# #..)......## .#
.. ##....###.@.......# .#
..+ .'.....hHH........# .#
.... ###.....##)........# ..
... ........##[).......'. ##
..# ##......##...$.....##
####.#####.####<##.......$..
).(.........................
............# .............
..)...##....##....##......
#.# ..).(.##..........
...... #.#


You could see Kirke, a manticore (summoned) and 2 harpies.

Vanquished Creatures
  5 two-headed ogres
  Nergalle (D:11)
  An unseen horror (D:10)
  2 cyclopes (D:11)
  Maggie (D:6)
  An elephant (D:10)
  A blink frog (shapeshifter) (D:10)
  5 hippogriffs
  Sigmund (D:4)
  2 hogs (D:12)
  4 yaks (D:9)
  2 basilisks (D:10)
  A steam dragon (D:8)
  A warg (D:11)
  A water moccasin (D:9)
  6 orc warriors
  A hornet zombie (D:8)
  4 ice beasts
  The ghost of donkeybrains the Skirmisher, an amateur MiFi of Okawaru (D:3)
  3 sky beasts (D:11)
  5 ogres
  2 black bears
  A phantom (D:8)
  2 necrophages
  2 centaurs
  2 crocodiles
  3 bullfrogs
  A gnoll sergeant (D:8)
  5 scorpions
  12 killer bees
  5 wights
  5 howler monkeys
  A bullfrog zombie (D:8)
  2 hounds
  A quasit (D:9)
  A centaur zombie (D:11)
  2 jellies
  Crazy Yiuf (D:3)
  14 orc priests
  3 centaur skeletons
  11 orc wizards
  Natasha (thrice) (D:4)
  An iguana (D:7)
  4 worker ants
  A big kobold zombie (Ossuary)
  3 hound skeletons
  9 mummies
  8 gnolls
  13 adders
  A shadow imp (D:8)
  5 ufetubi
  An ooze (D:6)
  2 adder skeletons
  An adder zombie (D:6)
  4 worms
  3 dart slugs
  4 leopard geckos
  44 orcs
  2 ball pythons
  10 bats
  5 giant cockroaches
  2 gnoll zombies (Ossuary)
  8 goblins
  15 hobgoblins
  19 jackals
  A quokka (D:6)
  8 frilled lizards
  A hobgoblin zombie (Ossuary)
  9 kobolds
  3 kobold zombies (Ossuary)
  A leopard gecko skeleton (D:6)
  An orc zombie (Ossuary)
  2 quokka skeletons (D:8)
  17 rats
  3 bushes (D:1)
339 creatures vanquished.

Vanquished Creatures (others)
  An orc wizard (D:8)
  3 gnolls (D:8)
  An orc (D:8)
  A quokka (D:8)
  A fungus (D:10)
  19 plants
26 creatures vanquished.

Grand Total: 365 creatures vanquished

Notes
Turn   | Place    | Note
-------+----------+-------------------------------------------
     0 | D:1      | Ozzies the Minotaur Fighter began the quest for the Orb.
     0 | D:1      | Reached XP level 1. HP: 19/19 MP: 0/0
   177 | D:1      | Reached skill level 4 in Fighting
   222 | D:1      | Reached XP level 2. HP: 24/27 MP: 1/1
   957 | D:1      | Reached XP level 3. HP: 34/34 MP: 2/2
  1350 | D:2      | Reached skill level 5 in Fighting
  1516 | D:2      | Reached XP level 4. HP: 36/42 MP: 3/3
  1580 | D:2      | Found a sparkling altar of Nemelex Xobeh.
  1586 | D:2      | Found a broken altar of Ashenzari.
  2061 | D:2      | Found a shimmering altar of Xom.
  2064 | D:2      | Found a hide-covered altar of Uskayaw.
  2067 | D:2      | Found a sacrificial altar of Ru.
  2691 | D:3      | Found a runed translucent door.
  2692 | D:3      | Noticed Crazy Yiuf
  2842 | D:3      | Found a runed translucent door.
  2925 | D:3      | Reached skill level 6 in Fighting
  2935 | D:3      | Reached XP level 5. HP: 45/50 MP: 4/4
  3334 | D:3      | Noticed donkeybrains's ghost (amateur MiFi)
  3349 | D:3      | Killed donkeybrains's ghost
  3349 | D:3      | Reached skill level 7 in Fighting
  3514 | D:3      | Killed Crazy Yiuf
  3618 | D:4      | Reached XP level 6. HP: 60/60 MP: 5/5
  3955 | D:4      | Reached skill level 1 in Dodging
  4134 | D:4      | Noticed Natasha
  4137 | D:4      | Killed Natasha
  4318 | D:4      | Reached XP level 7. HP: 67/67 MP: 6/6
  4596 | D:4      | Noticed Natasha
  4601 | D:4      | Killed Natasha
  4706 | D:4      | Noticed Sigmund
  4713 | D:4      | Killed Sigmund
  4713 | D:4      | Reached skill level 8 in Fighting
  4952 | D:4      | Noticed Natasha
  4957 | D:4      | Killed Natasha
  5116 | D:5      | Entered Level 5 of the Dungeon
  5327 | D:5      | Reached skill level 5 in Axes
  5810 | D:5      | Reached skill level 5 in Armour
  5810 | D:5      | Reached skill level 5 in Shields
  6415 | D:6      | Got a shimmering cloak
  6418 | D:6      | Noticed Maggie
  6440 | D:6      | Killed Maggie
  6440 | D:6      | Reached skill level 9 in Fighting
  6440 | D:6      | Reached XP level 8. HP: 44/78 MP: 7/7
  6462 | D:6      | Identified the cursed -1 cloak "Muusupn" {-Tele rC+ rCorr}
                  | (You found it on level 6 of the Dungeon)
  6591 | D:6      | Found a shimmering blue altar of Sif Muna.
  6678 | D:6      | Found a hazy altar of Hepliaklqana.
  6679 | D:6      | Noticed a two-headed ogre
  6692 | D:6      | Killed a two-headed ogre
  6692 | D:6      | Reached XP level 9. HP: 38/85 MP: 8/8
  7124 | D:6      | Reached skill level 10 in Fighting
  7545 | D:7      | Found Daymmuet's Desiderata Depot.
  7588 | D:7      | Found a sand-covered staircase.
  7597 | Ossuary  | Entered an ossuary
  7933 | D:7      | Found an iron altar of Okawaru.
  8016 | D:7      | Became a worshipper of Warmaster Okawaru
  8170 | D:7      | Found a staircase to the Ecumenical Temple.
  8275 | D:7      | Got a fading war axe
  8275 | D:7      | Identified the +1 war axe "Jyxey" {protect, rC+ Int+4} (You
                  | found it on level 7 of the Dungeon)
  8289 | D:7      | Reached skill level 5 in Dodging
  8657 | D:7      | Noticed a moth of wrath
  8659 | D:7      | Found a bloodstained altar of Trog.
  9051 | D:8      | Found a radiant altar of Vehumet.
  9156 | D:8      | Reached * piety under Okawaru
 10320 | D:8      | Reached skill level 11 in Fighting
 10739 | D:8      | Found a sparkling altar of Nemelex Xobeh.
 10807 | D:8      | Reached XP level 10. HP: 79/95 MP: 9/9
 10906 | D:8      | Found Burezam's Gadget Shop.
 11433 | D:9      | Reached ** piety under Okawaru
 11636 | D:9      | Noticed a two-headed ogre
 11644 | D:9      | Killed a two-headed ogre
 11749 | D:9      | Reached *** piety under Okawaru
 11863 | D:9      | Noticed a two-headed ogre
 11876 | D:9      | Killed a two-headed ogre
 11876 | D:9      | Reached skill level 12 in Fighting
 12436 | D:10     | Entered Level 10 of the Dungeon
 12526 | D:10     | Noticed an elephant
 12527 | D:10     | Found a staircase to the Lair.
 12535 | D:10     | Killed an elephant
 12535 | D:10     | Reached **** piety under Okawaru
 12689 | D:10     | Killed an unseen horror
 12689 | D:10     | Reached XP level 11. HP: 95/106 MP: 10/10
 12755 | D:10     | Noticed a two-headed ogre
 12763 | D:10     | Killed a two-headed ogre
 12763 | D:10     | Reached ***** piety under Okawaru
 12763 | D:10     | Reached skill level 13 in Fighting
 13535 | D:11     | Noticed a two-headed ogre
 13541 | D:11     | Killed a two-headed ogre
 13572 | D:11     | Noticed Nergalle
 14127 | D:11     | Killed Nergalle
 14127 | D:11     | Received a gift from Okawaru
 14127 | D:11     | Reached skill level 10 in Armour
 14127 | D:11     | Reached skill level 10 in Shields
 14225 | D:11     | Found a staircase to the Orcish Mines.
 14497 | D:11     | You fall into a shaft and drop 2 floors!
 14508 | D:13     | Reached skill level 14 in Fighting
 14535 | D:13     | Found Suipuobe's Distillery.
 14552 | D:12     | Noticed Kirke
 14567 | D:12     | Noticed Erolcha
 14837 | D:12     | Noticed a lindwurm
 14840 | D:11     | Noticed a harpy
 14840 | D:11     | Noticed a harpy
 14849 | D:11     | Slain by a harpy

Illustrated notes

Levels and vault maps discovered:
D:1:      scummos_arrival_simple_fountains, layout_basic, serial_forest,
          infiniplex_forest_lined_2, infiniplex_forest_clump_double,
          infiniplex_forest_end_1, infiniplex_forest_clump_large, minivault_23
D:2:      layout_basic, chequers_temple_overflow_statue_of_worship,
          grunt_temple_overflow_diamond, minmay_pentomino_s4
D:3:      layout_loops_ring, ebering_ghost_reflecting_pool, serial_bayou_ford_a,
          minmay_joined_circles, uniq_crazy_yiuf_cottage
D:4:      layout_basic, grunt_ministairs_3, bh_walls_and_bars, uniq_natasha,
          uniq_sigmund
D:5:      layout_gridville
D:6:      layout_basic, led_sif_book, basic_altar, uniq_maggie
D:7:      layout_loops_ring, lemuel_coloured_pillars_altar, tgw_trog,
          minmay_temple_entry_offerings, gup_ossuary_entry_pyramid,
          nicolae_alphabet_shops
D:8:      minmay_angry_zag, layout_basic, fiery_altar_vehumet, serial_shops,
          nicolae_shop_stone, nemelex_diamond_rough_becter, uniq_psyche
D:9:      layout_long_grid, minmay_misc_feat_enclosed, nrook_mini_backslash,
          serial_bayou_pond_a
D:10:     layout_gridville, david_lair_generic
D:11:     layout_basic, erik_orc_4, uniq_nergalle
D:12:     layout_roguey, uniq_erolcha, uniq_kirke, uniq_snorg
D:13:     layout_long_grid, grunt_vaults_entry_tiered, serial_shops, shop,
          shop_statue, shop

Skill      XL: |  1  2  3  4  5  6  7  8  9 10 11 |
---------------+----------------------------------+-----
Fighting       | 4 5 6 7 9 11 12 14 | 14.0
Axes           | 3 4 5 6 7 9 |  9.8
Armour         | 4 5 6 7 9 10 | 10.0
Dodging        | 1 3 4 6 7 8 |  8.0
Shields        | 4 5 6 7 9 10 | 10.0

Action                   |  1- 3 |  4- 6 |  7- 9 | 10-12 || total
-------------------------+-------+-------+-------+-------++-------
Melee: War axe           |   318 |   168 |   323 |   292 ||  1101
       Headbutt          |    74 |    21 |    66 |    73 ||   234
       Unarmed           |       |     9 |       |     7 ||    16
  Use: Scroll            |       |       |    14 |     2 ||    16
Armor: Scale mail        |    80 |    48 |   148 |     5 ||   281
       Plate armour      |       |       |       |   209 ||   209
Dodge: Dodged            |    40 |    41 |   171 |   191 ||   443
Block: Kite shield       |    69 |    75 |    68 |       ||   212
       Buckler           |       |       |    86 |   127 ||   213

Table legend: (Time is in decaauts)
 A = Elapsed time spent in this place.
 B = Non-inter-level travel time spent in this place.
 C = Inter-level travel time spent in this place.
 D = Time resting spent in this place.
 E = Time spent auto-exploring this place.
 F = Levels seen in this place.
 G = Mean time per level.
                   A        B        C        D        E       F      G
               +--------+--------+--------+--------+--------+-----+--------+
         Total |  15176 |  14223 |    953 |   2506 |   9090 |  14 | 1084.0 |
       Dungeon |  14882 |  13929 |    953 |   2506 |   8880 |  13 | 1144.8 |
       Ossuary |    294 |    294 |      0 |      0 |    210 |   1 |  294.0 |
               +--------+--------+--------+--------+--------+-----+--------+

Top non-repeatable levels by time:
     D:7: 2181 daAuts
     D:4: 1964 daAuts
     D:8: 1476 daAuts
    D:10: 1444 daAuts
     D:2: 1301 daAuts
     D:1: 1301 daAuts
     D:3: 1203 daAuts
     D:6: 1111 daAuts
     D:9: 1036 daAuts
    D:11: 925 daAuts
     D:5: 858 daAuts
 Ossuary: 294 daAuts
    D:13: 49 daAuts
    D:12: 27 daAuts
